 Dungeon Crawl Stone Soup version 0.18-a0-750-g37044d6 (webtiles) character file.

24 zercules the Insei (level 3, -1/23 HPs)
             Began as an Octopode Transmuter on Dec 12, 2015.
             Slain by an adder (3 damage)
             ... on level 2 of the Dungeon.
             The game lasted 00:04:22 (1154 turns).

zercules the Insei (Octopode Transmuter)            Turns: 1154, Time: 00:04:22

Health: -1/23      AC:  1    Str:  9    XL:     3   Next: 2%
Magic:  5/6        EV:  7    Int: 15    God:
Gold:   15         SH:  0    Dex: 13    Spells: 2 memorised, 3 levels left

rFire  . . .     SeeInvis .     k - +0 club
rCold  . . .     Clarity  .     (no shield)
rNeg   . . .     SustAt   .     (helmet restricted)
rPois  .         Gourm    .     (no amulet)
rElec  .         Spirit   .     (no ring)
rCorr  .         Dismiss  .     (no ring)
rMut   .         Stasis   .     (no ring)
MR     .....                    (no ring)
Stlth  ++........               (no ring)
                                (no ring)
                                (no ring)
                                (no ring)

@: not resistant to hostile enchantments, unstealthy
A: almost no armour, amphibious, 8 rings, constrict 8, camouflage 1, gelatinous
body 1
a: no special abilities


You were on level 2 of the Dungeon.
You were not hungry.

You visited 1 branch of the dungeon, and saw 2 of its levels.

You collected 15 gold pieces.

Inventory:

Hand Weapons
 k - a +0 club (weapon)
Missiles
 a - 11 arrows
 d - 8 tomahawks of returning (quivered)
Scrolls
 e - a scroll of fear {unknown}
 h - a scroll of amnesia {unknown}
 i - 3 scrolls of identify {unknown}
 m - a scroll of fog {unknown}
Potions
 f - a potion of ambrosia {unknown}
Books
 b - a book of Changes

   Spells                             Type                      Level
   a - Beastly Appendage              Transmutation                1
   b - Sticks to Snakes               Transmutation                2
   c - Spider Form                    Transmutation/Poison         3
   d - Ice Form                       Ice/Transmutation            4
   e - Blade Hands                    Transmutation                5
Comestibles
 c - 2 bread rations
 g - a meat ration
 j - 2 fruits
 l - a chunk of flesh


   Skills:
 - Level 1.0 Fighting
 - Level 2.0 Dodging
 + Level 3.5 Unarmed Combat
 - Level 2.1 Spellcasting
 + Level 2.6 Transmutations


You had 3 spell levels left.
You knew the following spells:

 Your Spells              Type           Power        Failure   Level  Hunger
a - Beastly Appendage     Trmt           #.....       10%         1    #......
b - Sticks to Snakes      Trmt           #.......     12%         2    ###....


Dungeon Overview and Level Annotations

Branches:
Dungeon (2/15)

Altars:


Innate Abilities, Weirdness & Mutations

You cannot wear most types of armour.
You are amphibious.
You can wear up to eight rings at the same time.
You can use your tentacles to constrict eight enemies at once.
Your skin changes colour to match your surroundings (Stealth).
Your rubbery body absorbs attacks (AC +1).


Message History

Casting: Beastly Appendage
Confirm with . or Enter, or press ? or * to list all spells.
You create a snake!
You now have 11 arrows.
The adder bites you.
* * * LOW HITPOINT WARNING * * *
The adder misses you.
You swap places.
The adder closely misses your ball python.
Your ball python misses the adder. x2
The adder bites your ball python.
Your ball python dies!
Found an escape hatch in the floor.
You see here a scroll labeled KOOTAY XODI.
Found a grey potion.
The adder bites you.
* * * LOW HITPOINT WARNING * * *
Found a silvery potion.
You see here a beef jerky.
There is an escape hatch in the floor here.
The adder barely misses you. The adder bites you.
You die...

#####!##.#
#.@.......
#S###..### #b#
##
#.####.###....
##.#.....!...#
.....##.######
##.# #w#
#.####.#
#..b$..#


You could see a worm, an adder and a bat.

Vanquished Creatures
  A bat (D:1)
  A giant cockroach (D:2)
  2 goblins (D:1)
  7 hobgoblins (D:1)
  2 giant newts (D:1)
  4 kobolds (D:1)
  4 rats (D:1)
21 creatures vanquished.

Notes
Turn   | Place    | Note
--------------------------------------------------------------
     0 | D:1      | zercules the Octopode Transmuter began the quest for the Orb.
     0 | D:1      | Reached XP level 1. HP: 13/13 MP: 3/3
   369 | D:1      | Reached XP level 2. HP: 16/18 MP: 3/5
   814 | D:1      | Learned a level 2 spell: Sticks to Snakes
  1142 | D:2      | Reached XP level 3. HP: 8/23 MP: 6/6
  1154 | D:2      | Slain by an adder

Vault maps used:
D:1:      ncdulo_halloftheorcs, minmay_cupped
D:2:      nicolae_overflow_crystal_walls, ecumenical_altar_2,
          minmay_misc_feat_columns

Action                   || total
-------------------------++-------
Melee: Unarmed           ||    44
Throw: Tomahawk          ||     3
 Cast: Beastly Appendage ||    10
       Sticks to Snakes  ||     1
 Stab: Sleeping          ||     1
  Eat: Chunk             ||     1
